 Dungeon Crawl Stone Soup version 0.31.0-32-g396128a36d (webtiles) character file.

Game seed: 4064943701542700590

10 jagang the Slasher (level 2, -1/24 HPs)
             Began as a Human Monk on Mar 20, 2024.
             Killed from afar by an air elemental (6 damage)
             ... with a stunning burst
             ... on level 1 of the Abyss.
             The game lasted 00:01:27 (404 turns).

jagang the Slasher (Human Monk)                      Turns: 404, Time: 00:01:28

Health: -1/24      AC:  8    Str: 11    XL:     2   Next: 20%
Magic:  2/2        EV:  6    Int: 10    God:
Gold:   85         SH:  0    Dex: 15    Spells: 1/1 levels left

rFire   . . .        a - +0 falchion
rCold   . . .        d - orb {light}
rNeg    . . .        g - +0 chain mail
rPois   .            (no helmet)
rElec   .            (no cloak)
rCorr   .            (no gloves)
SInv    .            (no boots)
Will    .....        (no amulet) Stlth
                     (no ring)
HPRegen 0.24/turn    (no ring)
MPRegen 0.08/turn

%: no passive effects
@: glowing
A: explore regen
a: no special abilities


You were on level 1 of the Abyss.
You visited 1 branch of the dungeon, and saw 1 of its levels.
You visited the Abyss 1 time.

You collected 85 gold pieces.

Inventory:

Hand Weapons
 a - a +0 falchion (weapon)
Armour
 d - an orb of light (worn)
 g - a +0 chain mail (worn)
Scrolls
 f - a scroll of fog {unknown}
Potions
 c - a potion of ambrosia
 e - 2 potions of brilliance {unknown}


   Skills:
 + Level 3.2 Fighting
 * Level 3.4 Long Blades
 - Level 3.0 Dodging


You had one spell level left.
You didn't know any spells.
Your spell library was empty.

Dungeon Overview and Level Annotations

Branches:
Dungeon (1/15)

Altars:


Innate Abilities, Weirdness & Mutations

You regain HP and MP as you explore.


Message History

There is a faded altar of an unknown god here.
A kobold and a gnoll come into view.
The gnoll is wielding a +0 spear of distortion.
The gnoll shouts!
You hit the kobold.
The kobold is heavily wounded.
The kobold hits you but does no damage. x2
You barely miss the kobold.
The kobold is heavily wounded.
The kobold hits you with a +0 dagger.
You hit the kobold.
You kill the kobold!
The gnoll barely misses you. The gnoll attacks as it pursues you!
The gnoll hits you from afar with a +0 spear of distortion.
There is a dry fountain here.
Things that are here:
a +0 dagger; a kobold corpse You start resting.
A gnoll is nearby!
You barely miss the gnoll.
The gnoll hits you with a +0 spear of distortion.
You are cast into the Abyss!
To return, you must find a gate leading back.
Killing monsters will force the Abyss to allow you passage.
This branch contains the abyssal rune of Zot.
Found a gateway leading deeper into the Abyss.
There is a gateway leading deeper into the Abyss here.
Found a corrupted altar of Lugonu.
The air elemental fires a burst of electricity at you.
The stunning burst hits you!
You suddenly lose the ability to move!
You can move again.
The air elemental fires a burst of electricity at you.
The stunning burst hits you.
You shrug off the repeated paralysis!
The air elemental fires a burst of electricity at you.
The stunning burst hits you!
You shrug off the repeated paralysis!
* * * LOW HITPOINT WARNING * * *
The air elemental fires a burst of electricity at you.
The stunning burst hits you.
You shrug off the repeated paralysis!
You die...

..# # ##..#.#
....#. #....
########...#
#......#...#
#......#...#
#......#@..#
#.#....E..##
#......#..#
#......#...#
...........#..##
...........#..#
....#......####
.. #...... . ..
#.####....


You could see an air elemental.

Vanquished Creatures
  3 bats (D:1)
  A hobgoblin (D:1)
  2 kobolds (D:1)
  A quokka (D:1)
  A ball python (D:1)
  A frilled lizard (D:1)
9 creatures vanquished.

Notes
Turn   | Place    | Note
-------+----------+-------------------------------------------
     0 | D:1      | jagang the Human Monk began the quest for the Orb.
     0 | D:1      | Reached XP level 1. HP: 18/18 MP: 1/1
   335 | D:1      | Reached XP level 2. HP: 24/24 MP: 2/2
   347 | D:1      | Found a faded altar of an unknown god.
   372 | Abyss:1  | Cast into level 1 of the Abyss (gnoll)
   386 | Abyss:1  | Found a corrupted altar of Lugonu.
   399 | Abyss:1  | Noticed an air elemental
   401 | Abyss:1  | Paralysed by an air elemental for 1 turns
   404 | Abyss:1  | Killed from afar by an air elemental

Illustrated notes

Levels and vault maps discovered:
D:1:      evilmike_arrival_come_back, layout_basic,
          shapermc_ecumenical_altar_venn, grunt_decor_junction
Abyss:1:  base: D:1, abyss_furniture_001, bh_silent_lugonu_exit

Action                     || total
---------------------------++-------
  Melee: Falchion          ||    18
 Armour: Robe              ||     5
         Chain mail        ||     9
  Dodge: Dodged            ||    19
